Get step-by-step instructions on how to execute this build order below. Start the game timer, and the build order will tick by so you can play in parallel with StarCraft on a second screen or mobile device.

Game Time

  0:00

Last Step

  N/A

Next Step

Upcoming Step



Don't want to look back and forth between 2 screens? Try out our Overwolf App, the Spawning Tool Build Advisor to get an in-game overlay with this build!

Complete Build Order

  12  0:00  SCV  
  13  0:12  SCV  
  14  0:17  Supply Depot  
  14  0:24  SCV  
  15  0:39  Barracks, SCV  
  16  0:47  Refinery  
  16  0:51  SCV  
  16  0:56  Refinery  
  17  1:03  SCV  
  18  1:15  SCV  
  19  1:26  Reaper  
  19  1:27  Orbital Command  
  20  1:34  Supply Depot  
  20  1:45  Factory  
  20  1:52  Bunker  
  20  1:56  SCV  
  20  1:59  Barracks Tech Lab  
  21  2:08  SCV  
  22  2:20  Marauder, SCV  
  25  2:24  Concussive Shells  
  27  2:30  Hellion  
  27  2:32  SCV  
  27  2:35  Supply Depot  
  28  2:42  Marauder  
  30  2:45  SCV  
  31  2:57  Cyclone, SCV  
  34  3:08  Starport  
  34  3:09  SCV  
  35  3:15  Marauder  
  35  3:33  Command Center  
  34  3:38  Cyclone  
  35  3:54  SCV  
  34  3:56  Starport Tech Lab  
  34  4:07  SCV  
  33  4:15  Cyclone  
  33  4:16  Marauder  
  37  4:19  SCV  
  37  4:23  Cloaking Field  
  38  4:28  Banshee  
  38  4:31  SCV  
  42  4:42  Barracks  
  42  4:43  SCV  
  43  4:52  Orbital Command, Factory Tech Lab  
  41  4:55  SCV  
  38  5:07  SCV  
  38  5:11  Banshee  
  38  5:12  Siege Tank  
  45  5:19  SCV  
  44  5:22  SCV  
  45  5:31  SCV  
  45  5:34  SCV  
  47  5:38  Marine  
  44  5:43  SCV  
  44  5:45  Siege Tank  
  44  5:46  SCV  
  48  5:54  Banshee  
  48  5:55  SCV  
  52  5:58  SCV  
  52  6:05  Barracks Tech Lab, Marine  
  52  6:07  Barracks  
  52  6:08  SCV  
  52  6:11  SCV  
  55  6:20  SCV  
  55  6:24  Orbital Command  
  57  6:28  Marine x2  
  57  6:31  Siege Tank  
  57  6:32  SCV  
  62  7:01  Barracks Tech Lab, Supply Depot